 Dungeon Crawl Stone Soup version 0.21-a0-442-g848f44b (webtiles) character file.

388 Ijustatesigmund the Skirmisher (level 6, -2/45 HPs)
             Began as an Octopode Artificer on Nov 16, 2017.
             Slain by an orc
             ... wielding a +0 trident
              (4 damage)
             ... on level 4 of the Dungeon.
             The game lasted 00:09:31 (3324 turns).

Ijustatesigmund the Skirmisher (Octopode Artificer) Turns: 3324, Time: 00:09:32

Health: -2/45      AC:  1    Str: 12    XL:     6   Next: 79%
Magic:  8/8        EV: 13    Int: 14    God:
Gold:   71         SH:  0    Dex: 13    Spells: 5/5 levels left

rFire    . . .     SeeInvis .   a - +0 whip
rCold    . . .     Gourm    .   (no shield)
rNeg     . . .     Faith    .   (helmet restricted)
rPois    .         Spirit   .   (no amulet)
rElec    .         Reflect  .   g - ring of loudness
rCorr    .         Harm     .   (no ring)
MR       .....                  (no ring)
Stlth    ++........             (no ring)
HPRegen  0.15/turn              (no ring)
MPRegen  0.11/turn              (no ring)
                                (no ring)
                                (no ring)

@: no status effects
A: almost no armour, stealthy swim, amphibious, 8 rings, constrict 8, camouflage
1, gelatinous body 1
a: no special abilities


You were on level 4 of the Dungeon.
You were not hungry.

You visited 1 branch of the dungeon, and saw 4 of its levels.

You collected 71 gold pieces.

Inventory:

Hand Weapons
 a - a +0 whip (weapon)
Jewellery
 g - a ring of loudness (left tentacle)
Wands
 b - a wand of flame (10/48)
 c - a wand of enslavement (10/24)
 d - a wand of random effects (7/48)
 l - a wand of enslavement (6/24)
 n - a wand of acid (8/15)
Scrolls
 o - a scroll of remove curse
 p - a scroll of amnesia
 s - 2 scrolls of recharging
Potions
 h - a potion of cancellation {unknown}
 i - a potion of invisibility {unknown}
 j - a potion of brilliance {unknown}
 k - 2 potions of mutation {unknown}
 m - a potion of flight {unknown}
Comestibles
 f - 4 bread rations


   Skills:
 + Level 4.8 Fighting
   Level 1.0 Short Blades
 + Level 4.5 Maces & Flails
 - Level 2.0 Dodging
 - Level 1.3 Stealth
 - Level 3.2 Evocations


You had 5 spell levels left.
You didn't know any spells.

Dungeon Overview and Level Annotations

Branches:
Dungeon (4/15)
 Temple: D:4-7

Altars:

Annotations:
D:3 Autsider's ghost, amateur VSTm


Innate Abilities, Weirdness & Mutations

You cannot wear most types of armour.
You are very stealthy in the water. (Stealth+)
You are amphibious.
You can wear up to eight rings at the same time.
You can use your tentacles to constrict eight enemies at once.
Your skin changes colour to match your surroundings (Stealth+).
Your rubbery body absorbs attacks. (AC +1, EV +1)


Message History

The orc hits you from afar with a trident.
* * * LOW HITPOINT WARNING * * *
The orc wizard gestures at you while chanting.
The puff of frost hits you!
* * * LOW HITPOINT WARNING * * *
Okay, then.
You feel better.
Your orc wizard barely misses the orc wizard.
The orc wizard casts a spell at you. The magic dart hits you!
* * * LOW HITPOINT WARNING * * *
Evoke which item? (* to show all) (? for menu, Esc to quit)
Aiming: Corrosive Bolt
Press: ? - help, Shift-Dir - straight line, f - orc wizard
Aim: an orc wizard, wielding a dagger and wearing a robe (lightly wounded, fast)
The bolt of acid hits the orc wizard.
The orc wizard is splashed with acid.
You kill the orc wizard!
This wand has 8 charges left.
The orc hits you from afar with a trident.
You die...

....#..........#.......
....#...##.#####...... .
....#...##.#.........###..
....#......#.........#....
....#......#........((..
....#......#.........#
....#......#.....o†(.#
....#......#(...))o..#
....#......#....@)...#
....#......#.........#
....######.#.........#
.........#'####'###.....
.........#...'....#.....#
.........#...#....#.....#
.........#...#....#.....#
.........#...#....# ....#
.........#...#....#


You could see an orc and a friendly orc wizard.

Vanquished Creatures
  The ghost of Zeege the Insei, an amateur GnWn (D:4)
  A bullfrog (D:4)
  2 orc wizards (D:4)
  A bullfrog skeleton (D:4)
  A worker ant (D:4)
  3 adders
  A worm (D:2)
  3 leopard geckos
  2 orcs (D:4)
  A ball python (D:1)
  2 giant cockroaches (D:1)
  5 hobgoblins
  4 jackals (D:1)
  A quokka (D:4)
  7 bats
  3 frilled lizards (D:1)
  4 goblins
  2 kobolds (D:1)
  9 rats
53 creatures vanquished.

Vanquished Creatures (collateral kills)
  An adder (D:4)
1 creature vanquished.

Vanquished Creatures (others)
  A kobold (D:1)
1 creature vanquished.

Grand Total: 55 creatures vanquished

Notes
Turn   | Place    | Note
-------+----------+-------------------------------------------
     0 | D:1      | Ijustatesigmund the Octopode Artificer began the quest for the Orb.
     0 | D:1      | Reached XP level 1. HP: 13/13 MP: 3/3
   136 | D:1      | Reached XP level 2. HP: 13/19 MP: 4/4
   369 | D:1      | Reached skill level 1 in Maces & Flails
   819 | D:1      | Reached XP level 3. HP: 24/24 MP: 5/5
  1559 | D:3      | Noticed Autsider's ghost (amateur VSTm)
  2274 | D:3      | Reached XP level 4. HP: 30/30 MP: 6/6
  2852 | D:4      | Reached XP level 5. HP: 16/36 MP: 7/7
  3106 | D:4      | Noticed Zeege's ghost (amateur GnWn)
  3114 | D:4      | Killed Zeege's ghost
  3114 | D:4      | Reached XP level 6. HP: 13/43 MP: 8/8
  3323 | D:4      | HP: 2/44 [orc wizard/magic dart (9)]
  3324 | D:4      | Slain by an orc

Vault maps used:
D:1:      lightli_arrival_statue_moat, due_unseen_surprise
D:3:      yredelemnul_forgotten_temple_becter, cheibriados_altar_1
D:4:      temple_statues, first_bread

Skill      XL: |  1  2  3  4  5 |
---------------+----------------+-----
Maces & Flails | 1 2 3 4 |  4.5
Fighting       | 2 3 4 |  4.8
Short Blades   | |  1.0
Dodging        | |  2.0
Stealth        | |  1.3
Evocations     | |  3.2

Action                   |  1- 3 |  4- 6 || total
-------------------------+-------+-------++-------
Melee: Whip              |    78 |    34 ||   112
       Short sword       |     4 |       ||     4
       Constrict         |    22 |     7 ||    29
       Tentacles         |    16 |     9 ||    25
Throw: Tomahawk          |       |     3 ||     3
Evoke: Wand              |    12 |    13 ||    25
  Use: Scroll            |     7 |     2 ||     9
       Potion            |       |     2 ||     2
 Stab: Sleeping          |     9 |     3 ||    12
  Eat: Chunk             |     3 |       ||     3
       Royal jelly       |     1 |       ||     1
       Bread ration      |       |     1 ||     1
Armor: Skin              |    12 |     1 ||    13
Dodge: Dodged            |    57 |    31 ||    88

Table legend:
 A = Spawn XP
 B = Non-spawn XP
 C = Spawn XP percentage of total XP
 D = Spawn monster count
 E = Non-spawn monster count
 F = Spawn count percentage of total count
 G = Total turns spent on level
                    A         B        C        D         E        F      G
               +---------+---------+-------+---------+---------+-------+---------
         Total |       0 |     555 |   0.0 |       0 |      54 |   0.0 |  3324
               +---------+---------+-------+---------+---------+-------+---------
           D:1 |       0 |      40 |   0.0 |       0 |      25 |   0.0 |  1088
           D:2 |       0 |      23 |   0.0 |       0 |      13 |   0.0 |   995
           D:3 |       0 |      20 |   0.0 |       0 |       4 |   0.0 |   201
           D:4 |       0 |     472 |   0.0 |       0 |      12 |   0.0 |  1040
               +---------+---------+-------+---------+---------+-------+---------
